 Dungeon Crawl Stone Soup version 0.30-a0-636-g200c5c4a83 (webtiles) character file.

Game seed: 6621273810977446736

1379 Dartaoz the Skirmisher (level 8, -7/37 HPs)
             Began as a Spriggan Hexslinger on Jan 15, 2023.
             Was a Follower of Dithmenos.
             Mangled by an orc warrior
             ... wielding a +0 flail
              (17 damage)
             ... on level 6 of the Dungeon.
             The game lasted 00:13:13 (4577 turns).

Dartaoz the Skirmisher (Spriggan Hexslinger)        Turns: 4577, Time: 00:13:14

Health: -7/37      AC:  2    Str:  6    XL:     8   Next: 39%
Magic:  11/11      EV: 17    Int: 15    God:    Dithmenos [*.....]
Gold:   251        SH:  0    Dex: 17    Spells: 8/9 levels left

rFire   . . .      SeeInvis +    B - +3 shortbow
rCold   . . .      Faith    .    (shield currently unavailable)
rNeg    . . .      Spirit   .    c - +0 robe
rPois   .          Reflect  .    (helmet restricted)
rElec   .          Harm     .    (no cloak)
rCorr   .          Rampage  .    (gloves unavailable)
Will    +....                    (boots unavailable)
Stlth   ++                       x - amulet of regeneration
HPRegen 1.06/turn                k - ring of wizardry
MPRegen 0.12/turn                (no ring)

@: lethally poisoned (-7 -> -8), wreathed by umbra, studying Axes, very quick
A: very small, no large weapons, unfitting armour, see invisible, speed 3
a: Renounce Religion


You were on level 6 of the Dungeon.
You worshipped Dithmenos.
Dithmenos was aware of your devotion.
You visited 2 branches of the dungeon, and saw 7 of its levels.

You collected 335 gold pieces.
You spent 84 gold pieces at shops.

Inventory:

Hand Weapons
 a - a +1 sling
 B - a +3 shortbow (weapon)
Missiles
 A - a throwing net
Armour
 c - a +0 robe (worn)
Jewellery
 k - a ring of wizardry (left hand)
 x - an amulet of regeneration (around neck)
 D - an amulet of magic regeneration
Wands
 z - a wand of polymorph (6)
Scrolls
 b - 2 scrolls of poison
 f - a scroll of magic mapping {unknown}
 n - a scroll of acquirement {unknown}
 o - a scroll of silence {unknown}
 q - a scroll of fear {unknown}
 t - a scroll of fog {unknown}
 u - 2 scrolls of enchant armour {unknown}
 w - a scroll of immolation {unknown}
 y - a scroll of blinking {unknown}
 C - a scroll of enchant weapon {unknown}
Potions
 d - a potion of magic
 e - a potion of invisibility
 g - 2 potions of heal wounds
 h - 4 potions of flight
 i - 3 potions of curing
 j - a potion of attraction
 l - a potion of lignification {unknown}
 m - a potion of brilliance {unknown}
 p - 2 potions of cancellation {unknown}
 r - a potion of might {unknown}
 s - a potion of haste {unknown}
 v - a potion of mutation {unknown}


   Skills:
 - Level 0.7 Fighting
 + Level 8.4 Ranged Weapons
 - Level 2.6 Dodging
 - Level 1.3 Spellcasting
 + Level 8.4 Hexes


You had 8 spell levels left.
You knew the following spells:

 Your Spells              Type           Power      Damage    Failure   Level
a - Slow                  Hex            100%       N/A       1%          1

Your spell library contained the following spells:

 Spells                   Type           Power      Damage    Failure   Level
 Tukima's Dance           Hex            26%        N/A       1%          3
 Cause Fear               Hex            13%        N/A       3%          4
 Inner Flame              Hex/Fire       13%        N/A       5%          3
 Portal Projectile        Hex/Tloc       26%        N/A       5%          3
 Blade Hands              Tmut           0%         N/A       92%         5


Dungeon Overview and Level Annotations

Branches:
Dungeon (6/15)             Temple (1/1) D:4

Altars:
Ashenzari
Cheibriados
Dithmenos
Elyvilon
Fedhas
Gozag
Hepliaklqana
Kikubaaqudgha
Makhleb
Nemelex Xobeh
Qazlal
Sif Muna
Trog
Vehumet
Wu Jian
Xom
Yredelemnul
Zin
The Shining One

Shops:
D:2 (   D:4 ?   D:6 *


Innate Abilities, Weirdness & Mutations

You are very small and have problems with some larger weapons.
You are too small for most types of armour.
You have supernaturally acute eyesight. (SInv)
You cover ground extremely quickly. (Speed+++)


Message History

The orc shouts!
You hear a shout!
You shoot an arrow.
The arrow closely misses the orc warrior.
You shoot an arrow. The arrow hits the orc warrior.
The orc warrior is lightly wounded.
You shoot an arrow.
The arrow barely misses the orc warrior.
An orc comes into view. It is wielding a +0 flail.
You shoot an arrow. The arrow hits the orc warrior.
The orc warrior is moderately wounded.
You shoot an arrow. The arrow hits the orc warrior.
The orc warrior is heavily wounded.
The orc warrior misses you.
You shoot an arrow.
The arrow closely misses the orc warrior.
The orc warrior barely misses you. The orc misses you.
You shoot an arrow.
The arrow hits the orc warrior but does no damage.
The orc warrior is heavily wounded.
The orc warrior hits you with a +0 flail!
The orc barely misses you.
You shoot an arrow. The arrow hits the orc warrior.
The orc warrior is severely wounded.
The orc warrior hits you with a +0 flail!
The orc hits you but does no damage.
You are poisoned.
The orc warrior hits you with a +0 flail!
The orc closely misses you.
You are too injured to fight recklessly!
You are too injured to fight recklessly!
You shoot an arrow.
The arrow barely misses the orc warrior.
You feel very sick. The orc warrior closely misses you.
The orc closely misses you. The orc misses you.
You shoot an arrow.
The arrow closely misses the orc warrior.
You feel very sick.
The orc warrior hits you with a +0 flail!
You die...

.#......###. ~≈~.
#.............##..
≈≈~.###.................
≈≈~...........###..####.
~~~...........# ##.####.
........(...)####....#..
~~~.....................
≈≈~...ooo...##..........
≈≈~...)@....###........#
~≈≈....)....##.....###†.
≈~~..#.......#......<...
.... #......###..#......
.## #.......##..#..#...
##.#.........####..
####..............
###..............#
#...........###...


You could see an orc warrior and 2 orcs.

Vanquished Creatures
  A water moccasin (D:6)
  A black bear (D:5)
  An ogre (D:4)
  A gnoll sergeant (D:5)
  A bullfrog (D:4)
  4 scorpions
  2 necrophages
  2 hounds
  5 orc priests
  3 iguanas (D:5)
  2 orc wizards (D:6)
  11 gnolls
  8 adders
  A white imp (D:5)
  An ufetubus (D:3)
  3 worms (D:2)
  4 dart slugs
  12 orcs
  5 ball pythons
  5 endoplasms
  4 giant cockroaches
  8 hobgoblins
  2 quokkas
  2 bats
  3 frilled lizards
  5 goblins
  11 kobolds
  6 rats
114 creatures vanquished.

Vanquished Creatures (others)
  4 plants (D:4)
4 creatures vanquished.

Grand Total: 118 creatures vanquished

Notes
Turn   | Place    | Note
-------+----------+-------------------------------------------
     0 | D:1      | Dartaoz the Spriggan Hexslinger began the quest for the
                  | Orb.
     0 | D:1      | Reached XP level 1. HP: 9/9 MP: 3/3
   185 | D:1      | Reached XP level 2. HP: 9/14 MP: 5/5
   333 | D:1      | Found a faded altar of an unknown god.
   820 | D:2      | Reached XP level 3. HP: 14/17 MP: 6/6
  1058 | D:2      | Identified the +3 leather armour of the Manifold Wishes
                  | {Drain rF+ Dex+9}
  1247 | D:2      | Found Xorats's Weapon Shop.
  1431 | D:3      | Reached XP level 4. HP: 21/21 MP: 7/7
  1485 | D:3      | Noticed a scorpion
  1522 | D:3      | Killed a scorpion
  1523 | D:3      | Reached skill level 5 in Ranged Weapons
  1523 | D:3      | Reached XP level 5. HP: 25/25 MP: 8/8
  2072 | D:4      | Noticed an ogre
  2091 | D:4      | Killed an ogre
  2104 | D:4      | Found Eprosewu's Magic Scroll Emporium.
  2122 | D:4      | Bought a scroll of identify for 28 gold pieces
  2122 | D:4      | Bought a scroll of identify for 28 gold pieces
  2122 | D:4      | Bought a scroll of identify for 28 gold pieces
  2217 | D:4      | Reached XP level 6. HP: 25/29 MP: 9/9
  2268 | D:4      | Reached skill level 5 in Hexes
  2653 | D:4      | Reached XP level 7. HP: 29/32 MP: 10/10
  2674 | D:4      | Found a staircase to the Ecumenical Temple.
  2708 | Temple   | Entered the Ecumenical Temple
  2873 | Temple   | Became a worshipper of Dithmenos the Shadowed
  3262 | D:5      | Entered Level 5 of the Dungeon
  3856 | D:5      | Reached * piety under Dithmenos
  3954 | D:5      | Reached XP level 8. HP: 23/37 MP: 11/11
  4426 | D:6      | Found a broken altar of Ashenzari.
  4466 | D:6      | Found Moyr's Assorted Antiques.
  4577 | D:6      | Mangled by an orc warrior

Illustrated notes

Levels and vault maps discovered:
D:1:      dpeg_arrival_short_road, layout_basic,
          chequers_ecumenical_altar_island, minmay_hexomino_p4
D:2:      layout_basic, serial_shops, shop
D:3:      layout_rooms, nicolae_eternal_life, dreamdust_princess_corridor
D:4:      layout_loops_cross, minmay_temple_entry_glass, serial_shops,
          shop_coins, serial_bayou_crossing
D:5:      layout_gridville
D:6:      layout_cave_pools, cheibrodos_ashenzari_chains, serial_shops,
          nicolae_shop_overgrown_old_shop, minivault_14
Temple:   regret_index_temple_mists

Skill      XL: |  1  2  3  4  5  6  7  8 |
---------------+-------------------------+-----
Ranged Weapons | 3 4 5 6 7 8 |  8.4
Hexes          | 4 5 7 8 |  8.4
Fighting       | |  0.7
Dodging        | |  2.6
Spellcasting   | |  1.3

Action                   |  1- 3 |  4- 6 |  7- 9 || total
-------------------------+-------+-------+-------++-------
 Fire: Sling             |   125 |   158 |   198 ||   481
       Shortbow          |       |       |    78 ||    78
 Cast: Slow              |     9 |    10 |       ||    19
  Use: Scroll            |       |     5 |     1 ||     6
Armor: Robe              |     3 |     7 |    10 ||    20
Dodge: Dodged            |    26 |    60 |   118 ||   204

Table legend: (Time is in decaauts)
 A = Elapsed time spent in this place.
 B = Non-inter-level travel time spent in this place.
 C = Inter-level travel time spent in this place.
 D = Time resting spent in this place.
 E = Time spent auto-exploring this place.
 F = Levels seen in this place.
 G = Mean time per level.
                   A        B        C        D        E       F      G
               +--------+--------+--------+--------+--------+-----+--------+
         Total |   3324 |   3210 |    114 |      0 |   2240 |   7 |  474.9 |
       Dungeon |   3152 |   3056 |     96 |      0 |   2108 |   6 |  525.3 |
        Temple |    171 |    153 |     18 |      0 |    131 |   1 |  171.0 |
               +--------+--------+--------+--------+--------+-----+--------+

Top non-repeatable levels by time:
     D:4: 769 daAuts
     D:5: 718 daAuts
     D:2: 508 daAuts
     D:1: 490 daAuts
     D:3: 427 daAuts
     D:6: 238 daAuts
  Temple: 171 daAuts
